 Dungeon Crawl Stone Soup version 0.31-a0-161-gb58dd9be76 (webtiles) character file.

Game seed: 1144348622428498881

2118 IdlyInterested the Basher (level 9, -1/65 HPs)
             Began as a Demonspawn Fighter on June 9, 2023.
             Slain by a kobold brigand
             ... wielding a +0 dagger
              (4 damage)
             ... on level 7 of the Dungeon on June 12, 2023.
             The game lasted 00:22:47 (5794 turns).

IdlyInterested the Basher (Demonspawn Fighter)      Turns: 5794, Time: 00:22:47

Health: -1/65      AC:  8    Str: 21    XL:     9   Next: 8%
Magic:  7/9        EV: 11    Int:  9    God:
Gold:   5          SH: 10    Dex: 13    Spells: 8/8 levels left

rFire   . . .        z - +4 morningstar
rCold   . . .        c - +1 buckler
rNeg    . . .        b - +3 leather armour of Cowardice {rElec Will+}
rPois   .            (helmet unavailable)
rElec   +            (no cloak)
rCorr   .            k - +0 pair of gloves
SInv    .            n - +0 pair of boots
Will    +....        g - amulet of the acrobat
Stlth   +            (no ring)
HPRegen 1.10/turn    (no ring)
MPRegen 0.11/turn

%: acrobat
@: unable to drink
A: horns 3, spiny 1, condensation shield, regeneration 1, inability to drink
after injury 1, MP-powered wands
a: no special abilities


You were on level 7 of the Dungeon.
You visited 2 branches of the dungeon, and saw 8 of its levels.

You collected 338 gold pieces.
You spent 333 gold pieces at shops.

Inventory:

Hand Weapons
 a - a +1 flail of venom
 z - a +4 morningstar (weapon)
Missiles
 f - 4 poisoned darts
 h - a stone (quivered)
 m - 6 atropa-tipped darts
 q - 5 boomerangs
Armour
 b - the +3 leather armour of Cowardice (worn) {rElec Will+}
   (You found it on level 4 of the Dungeon)

   rElec:     It insulates you from electricity.
   Will:      It increases your willpower.
 c - a +1 buckler (worn)
 k - a +0 pair of gloves (worn)
 n - a +0 pair of boots (worn)
 s - a +2 hat
 t - a +0 chain mail
Magical Staves
 D - a staff of death
Jewellery
 g - an amulet of the acrobat (around neck)
Wands
 p - a wand of acid (11)
 r - a wand of flame (24)
 C - a wand of digging (4)
 F - a wand of roots (8)
 G - a wand of paralysis (7)
Scrolls
 u - 2 scrolls of enchant armour
 v - a scroll of teleportation
 y - a scroll of poison {unknown}
 A - a scroll of revelation
 E - a scroll of identify
Potions
 d - a potion of might
 e - a potion of lignification
 i - 2 potions of brilliance
 j - 6 potions of curing
 l - a potion of attraction
 o - 2 potions of mutation
 w - a potion of berserk rage
 x - a potion of haste
 B - a potion of cancellation


   Skills:
 - Level 4.0 Fighting
 * Level 9.6 Maces & Flails
 - Level 2.0 Throwing
 - Level 3.0 Armour
 - Level 2.0 Dodging
 - Level 4.0 Shields
 - Level 2.0 Evocations


You had 8 spell levels left.
You didn't know any spells.
Your spell library contained the following spells:

 Spells                   Type           Power      Damage    Failure   Level
 Summon Small Mammal      Summ           0%         N/A       50%         1
 Call Canine Familiar     Summ           0%         N/A       86%         3
 Summon Guardian Golem    Hex/Summ       0%         N/A       86%         3


Dungeon Overview and Level Annotations

Branches:
Dungeon (7/15)             Temple (1/1) D:4

Altars:
Cheibriados
Dithmenos
Fedhas
Hepliaklqana
Kikubaaqudgha
Okawaru
Qazlal
Sif Muna
Trog
Uskayaw
Vehumet
Wu Jian
Xom

Shops:
D:3 *


Innate Abilities, Weirdness & Mutations

You have a pair of large horns on your head.
You are partially covered in sharp spines.
A meltable shield of frost defends you. (SH +4)
Your natural rate of healing is unusually fast.
You occasionally lose the ability to drink potions when taking damage.
You expend magic power (3 MP) to strengthen your wands.


Message History

The kobold is struck by your spines.
You kill the kobold!
The orc closely misses you. You block the orc warrior's attack.
The kobold brigand is struck by your spines.
The kobold brigand hits you with a +0 whip.
You block the kobold brigand's attack. The kobold barely misses you.
You closely miss the orc warrior.
The orc warrior is almost dead.
You block the kobold's attack. The orc is struck by your spines.
You kill the orc!
You block the orc warrior's attack.
The kobold brigand hits you but does no damage.
The kobold brigand hits you with a +0 dagger.
* * * LOW HITPOINT WARNING * * *
You hit the orc warrior.
The orc warrior is almost dead.
You block the kobold's attack.
The orc warrior hits you with a +0 long sword!
You feel threatened and lose the ability to drink potions!
* * * LOW HITPOINT WARNING * * *
The kobold brigand is struck by your spines.
The kobold brigand closely misses you. You block the kobold brigand's attack.
You sock the orc warrior!
You kill the orc warrior!
You block the kobold brigand's attack. The kobold is struck by your spines.
You kill the kobold!
The kobold brigand is struck by your spines.
The kobold brigand hits you with a +0 dagger.
* * * LOW HITPOINT WARNING * * *
You closely miss the kobold brigand.
Your headbutt misses the kobold brigand.
The kobold brigand is severely wounded.
You block the kobold brigand's attack.
The kobold brigand is struck by your spines.
The kobold brigand hits you with a +0 dagger.
* * * LOW HITPOINT WARNING * * *
You impale the kobold brigand!!
You kill the kobold brigand!
The kobold brigand hits you with a +0 dagger.
You die...

...... .# ..
...... .##.#
.....##....
.........#
####...)...#
......))..>
#/..))K#
#...)@)# #
#...)..#.#
#....<...#
#.#......#
#.......##
#########


You could see a kobold brigand.

Vanquished Creatures
  Grinder (D:5)
  A water moccasin (D:6)
  An orc warrior (D:7)
  3 black bears
  An ogre (D:4)
  A centaur (D:5)
  A kobold brigand (D:7)
  2 bullfrogs
  2 scorpions
  5 wights (D:6)
  2 hounds
  3 jellies
  4 orc priests
  A sleepcap (D:5)
  7 orc wizards
  An iguana (D:4)
  3 gnolls (D:5)
  13 adders
  2 white imps
  An ufetubus (D:5)
  A dart slug (D:2)
  28 orcs
  8 endoplasms
  3 giant cockroaches
  5 goblins
  11 hobgoblins
  6 jackals
  21 kobolds
  3 quokkas
  7 ball pythons
  10 bats
  5 frilled lizards
  A rat (D:2)
164 creatures vanquished.

Notes
Turn   | Place    | Note
-------+----------+-------------------------------------------
     0 | D:1      | IdlyInterested the Demonspawn Fighter began the quest for
                  | the Orb.
     0 | D:1      | Reached XP level 1. HP: 18/18 MP: 1/1
    41 | D:1      | Reached skill level 2 in Maces & Flails
    88 | D:1      | Gained mutation: A meltable shield of frost defends you.
                  | (SH +4) [demonic ancestry]
    88 | D:1      | Reached XP level 2. HP: 24/24 MP: 2/2
   406 | D:1      | Reached XP level 3. HP: 29/29 MP: 3/3
   533 | D:2      | Reached skill level 3 in Maces & Flails
   537 | D:2      | Reached skill level 1 in Dodging
  1364 | D:2      | Reached XP level 4. HP: 27/35 MP: 4/4
  1801 | D:3      | Found Iqaxkyng's Assorted Antiques.
  1825 | D:3      | Reached skill level 1 in Throwing
  1835 | D:3      | Reached skill level 4 in Maces & Flails
  1835 | D:3      | Reached skill level 1 in Evocations
  1835 | D:3      | Gained mutation: You have a pair of small horns on your
                  | head. [demonic ancestry]
  1835 | D:3      | Reached XP level 5. HP: 10/41 MP: 5/5
  2132 | D:3      | Found a radiant altar of Vehumet.
  2133 | D:3      | Upgraded the game from 0.31-a0-152-g6aa68a64a1 to
                  | 0.31-a0-161-gb58dd9be76
  2634 | D:4      | Reached XP level 6. HP: 10/47 MP: 6/6
  2865 | D:3      | Bought a scroll labelled BEAN PAAXTICE for 31 gold pieces
  2865 | D:3      | Bought a scroll labelled UHEFFE HOT TEKHE for 31 gold
                  | pieces
  2865 | D:3      | Bought 2 scrolls labelled TEAVET ARIDY for 62 gold pieces
  2865 | D:3      | Bought a glowing puce potion for 27 gold pieces
  2865 | D:3      | Bought a sapphire potion for 27 gold pieces
  2865 | D:3      | Bought a scroll labelled UHEFFE HOT TEKHE for 31 gold
                  | pieces
  2891 | D:4      | Reached skill level 5 in Maces & Flails
  3012 | D:4      | Gained mutation: You occasionally lose the ability to drink
                  | potions when taking damage. [potion of mutation]
  3012 | D:4      | Gained mutation: Your natural rate of healing is unusually
                  | fast. [potion of mutation]
  3012 | D:4      | Gained mutation: You expend magic power (3 MP) to
                  | strengthen your wands. [potion of mutation]
  3049 | D:4      | You fall into a shaft and drop 1 floor!
  3049 | D:5      | Entered Level 5 of the Dungeon
  3196 | D:4      | Found a staircase to the Ecumenical Temple.
  3203 | Temple   | Entered the Ecumenical Temple
  3407 | D:4      | Identified the +3 leather armour of Cowardice {rElec Will+}
  3718 | D:4      | Reached skill level 6 in Maces & Flails
  3718 | D:4      | Gained mutation: You are partially covered in sharp spines.
                  | [demonic ancestry]
  3718 | D:4      | Reached XP level 7. HP: 47/54 MP: 7/7
  4381 | D:5      | Noticed Grinder
  4398 | D:5      | Killed Grinder
  4399 | D:5      | Reached skill level 7 in Maces & Flails
  4468 | D:5      | Found a snail-covered altar of Cheibriados.
  4474 | D:5      | Found a shimmering altar of Xom.
  4924 | D:6      | Gained mutation: You have a pair of horns on your head.
                  | [demonic ancestry]
  4924 | D:6      | Reached XP level 8. HP: 60/60 MP: 8/8
  4983 | D:6      | Reached skill level 8 in Maces & Flails
  5171 | D:6      | Reached skill level 9 in Maces & Flails
  5713 | D:3      | Bought a runed silver wand for 124 gold pieces
  5777 | D:7      | Gained mutation: You have a pair of large horns on your
                  | head. [demonic ancestry]
  5777 | D:7      | Reached XP level 9. HP: 62/65 MP: 5/9
  5792 | D:7      | HP: 3/65 [kobold brigand/+0 dagger (5)]
  5794 | D:7      | Slain by a kobold brigand

Illustrated notes

Levels and vault maps discovered:
D:1:      tarquinn_simple_flora_water_c, layout_rooms, chequers_garden,
          hangedman_decor_points
D:2:      minmay_diamond_boxcup, layout_basic, minmay_circle_x
D:3:      layout_basic, vehumet_altar_wand_db, serial_shops, shop
D:4:      layout_cave_pods, minmay_temple_entry_butterflies
D:5:      layout_gridville, grunt_temple_overflow_open, uniq_grinder
D:6:      layout_loops_ring
D:7:      layout_basic
Temple:   hellmonk_temple_forest_ring

Skill      XL: |  1  2  3  4  5  6  7  8 |
---------------+-------------------------+-----
Maces & Flails | 2 3 4 6 7 9 |  9.6
Armour         | 3 |  3.0
Dodging        | 1 2 |  2.0
Throwing       | 1 2 |  2.0
Evocations     | 1 2 |  2.0
Fighting       | 4 |  4.0
Shields        | 4 |  4.0

Action                     |  1- 3 |  4- 6 |  7- 9 || total
---------------------------+-------+-------+-------++-------
  Melee: Flail             |   130 |   160 |    84 ||   374
         Headbutt          |       |    18 |    25 ||    43
         Morningstar       |       |       |    47 ||    47
  Throw: Stone             |       |     9 |    30 ||    39
  Evoke: Wand              |       |       |     1 ||     1
    Use: Scroll            |     3 |     8 |     6 ||    17
         Potion            |       |     3 |       ||     3
   Stab: Sleeping          |       |       |     1 ||     1
 Armour: Scale mail        |    68 |    41 |       ||   109
         Chain mail        |       |    43 |       ||    43
         Leather armour    |       |    13 |    56 ||    69
  Dodge: Dodged            |    55 |    72 |    74 ||   201
  Block: Buckler           |    72 |    70 |    70 ||   212

Table legend: (Time is in decaauts)
 A = Elapsed time spent in this place.
 B = Non-inter-level travel time spent in this place.
 C = Inter-level travel time spent in this place.
 D = Time resting spent in this place.
 E = Time spent auto-exploring this place.
 F = Levels seen in this place.
 G = Mean time per level.
                   A        B        C        D        E       F      G
               +--------+--------+--------+--------+--------+-----+--------+
         Total |   5887 |   5059 |    828 |    453 |   3192 |   8 |  735.9 |
       Dungeon |   5722 |   4911 |    811 |    453 |   3056 |   7 |  817.4 |
        Temple |    164 |    147 |     17 |      0 |    136 |   1 |  164.0 |
               +--------+--------+--------+--------+--------+-----+--------+

Top non-repeatable levels by time:
     D:4: 1427 daAuts
     D:2: 1268 daAuts
     D:3: 940 daAuts
     D:6: 758 daAuts
     D:5: 753 daAuts
     D:1: 542 daAuts
  Temple: 164 daAuts
     D:7: 31 daAuts
